 Dungeon Crawl Stone Soup version 0.30-a0-553-g7fabdf1491 (webtiles) character file.

Game seed: 16658537542091853115

529 greenreed the Poker (level 7, -2/57 (64) HPs)
             Began as a Naga Fighter on Dec 26, 2022.
             Slain by Dowan
             ... wielding a +1 dagger of holy wrath
              (3 damage)
             ... on level 5 of the Dungeon.
             The game lasted 00:07:25 (3123 turns).

greenreed the Poker (Naga Fighter)                  Turns: 3123, Time: 00:07:25

HP:   -2/57 (64)    AC:  6    Str: 20    XL:     7   Next: 24%
MP:   7/7           EV:  7    Int:  9    God:
Gold: 107           SH:  4    Dex: 10    Spells: 6/6 levels left

rFire   . . .      SeeInvis +    a - +0 trident
rCold   . . .      Faith    .    c - +0 buckler
rNeg    . . .      Spirit   .    b - +0 scale mail
rPois   +          Reflect  .    (no helmet)
rElec   .          Harm     .    (no cloak)
rCorr   .          Rampage  .    (no gloves)
Will    .....                    (no barding) Stlth
                                 (no amulet)
HPRegen 0.29/turn                (no ring)
MPRegen 0.10/turn                (no ring)

@: short of breath, heavily drained, very slow
A: AC +2, large, see invisible, deformed body, poison resistance, slowness 2,
spit poison 1, naga tail 1
a: Spit Poison


You were on level 5 of the Dungeon.
You visited 1 branch of the dungeon, and saw 5 of its levels.

You collected 195 gold pieces.
You spent 88 gold pieces at shops.

Inventory:

Hand Weapons
 a - a +0 trident (weapon)
Armour
 b - a +0 scale mail (worn)
 c - a +0 buckler (worn)
 e - a +0 plate armour
Scrolls
 f - 5 scrolls of identify {unknown}
 g - a scroll of teleportation {unknown}
 h - 2 scrolls of fog {unknown}
 i - a scroll of silence {unknown}
 m - a scroll of noise {unknown}
 p - a scroll of torment {unknown}
 q - 2 scrolls of fear {unknown}
 s - a scroll of magic mapping {unknown}
 v - a scroll of vulnerability {unknown}
 w - a scroll of enchant weapon {unknown}
 x - a scroll of amnesia {unknown}
 y - 2 scrolls of enchant armour {unknown}
Potions
 d - 2 potions of might
 j - 2 potions of berserk rage
 k - 2 potions of flight {unknown}
 l - a potion of degeneration {unknown}
 n - a potion of attraction {unknown}
 o - a potion of heal wounds {unknown}
 r - 2 potions of magic {unknown}
 t - a potion of cancellation {unknown}
 u - a potion of curing
 z - 2 potions of lignification {unknown}
 A - a potion of haste {unknown}


   Skills:
 * Level 4.1 Fighting
 * Level 5.6 Polearms
 + Level 3.9 Armour
 + Level 0.5 Dodging
 + Level 0.5 Stealth
 + Level 3.1 Shields


You had 6 spell levels left.
You didn't know any spells.
Your spell library contained the following spells:

 Spells                   Type           Power      Damage    Failure   Level
 Apportation              Tloc           0%         N/A       80%         1
 Necrotise                Necr           0%         1d4       80%         1
 Shock                    Conj/Air       0%         1d3       80%         1
 Summon Small Mammal      Summ           0%         N/A       80%         1
 Ensorcelled Hibernation  Hex/Ice        0%         N/A       91%         2
 Passwall                 Tmut/Erth      0%         N/A       91%         2
 Swiftness                Air            0%         N/A       99%         3
 Airstrike                Air            0%         2d(0-16)  100%        4


Dungeon Overview and Level Annotations

Branches:
Dungeon (5/15)
 Temple: D:4-7

Altars:
Gozag

Shops:
D:3 !   D:4 *

Annotations:
D:4 2 runed translucent doors, Iich's ghost, amateur MiFi
D:5 Dowan


Innate Abilities, Weirdness & Mutations

Your serpentine skin is tough. (AC +2)
You have supernaturally acute eyesight. (SInv)
Armour fits poorly on your strangely shaped body.
Your system is resistant to poisons. (rPois)
You cover ground very slowly.
You can spit poison.
You have a snake-like lower body.


Message History

* * * LOW HITPOINT WARNING * * *
You completely miss Duvessa.
Duvessa is almost dead.
You have got your breath back.
Duvessa hits you with a +4 short sword of draining.
* * * LOW HITPOINT WARNING * * *
You feel drained.
* * * LOW HITPOINT WARNING * * *
Aiming: Spit Poison (1% risk of failure)
Press: ? - help, Shift-Dir - straight line, f/p - Duvessa
Aim: Duvessa, wielding a +4 short sword of draining and wearing a +0 leather armour (almost dead, poisoned, 65% to hit)
The splash of poison misses Duvessa.
You block Duvessa's attack.
You hit Duvessa but do no damage.
Duvessa is almost dead.
You kill Duvessa!
You hear a distant wail of despair.
Dowan, Brother of Duvessa comes into view.
He is wielding a +1 dagger of holy wrath and carrying a wand of digging (7).
Dowan shouts!
Dowan seems to find hidden reserves of power!
Dowan says, "Her death will not be in vain!"
Things that are here:
a +4 short sword of draining; a +0 leather armour Dowan zaps a wand.
You hear a grinding noise.
Dowan mumbles some strange words.
Dowan blinks!
You have got your breath back.
Dowan mumbles some strange words.
Dowan blinks!
You block Dowan's attack.
You hit Dowan.
Dowan is lightly wounded.
Dowan gestures at you while chanting. The shard of ice hits you!
* * * LOW HITPOINT WARNING * * *
Aiming: Spit Poison (1% risk of failure)
Press: ? - help, Shift-Dir - straight line, f - Dowan
Aim: Dowan, wielding a +1 dagger of holy wrath, wearing a +0 robe and carrying a wand of digging (6) (lightly wounded, fast, 45% to hit)
The splash of poison misses Dowan.
You block Dowan's attack.
Dowan hits you with a +1 dagger of holy wrath.
You die...

#....####..###...
#...............#
##....####..###.##
#...#....†..#
##.#.#####).# ###.#
#)# #.# #..##
######)###....#####
..........@e<........
........#.##...######
#####....####.##
##..# #.# #..# #.#
..... ..# .##.## ###
#.


You could see Dowan (fast).

Vanquished Creatures
  Duvessa (D:5)
  A centaur (D:4)
  A scorpion (D:4)
  An orc priest (D:4)
  A hound (D:4)
  A jelly (D:4)
  An iguana (D:5)
  An orc wizard (D:4)
  3 adders
  A white imp (D:3)
  3 worms
  3 dart slugs
  14 orcs
  5 ball pythons
  2 bats (D:1)
  7 endoplasms
  A giant cockroach (D:4)
  7 goblins
  10 hobgoblins
  7 jackals (D:1)
  4 quokkas
  5 frilled lizards
  8 kobolds
  8 rats
96 creatures vanquished.

Notes
Turn   | Place    | Note
-------+----------+-------------------------------------------
     0 | D:1      | greenreed the Naga Fighter began the quest for the Orb.
     0 | D:1      | Reached XP level 1. HP: 21/21 MP: 1/1
   119 | D:1      | Reached XP level 2. HP: 28/28 MP: 2/2
   159 | D:1      | Found a faded altar of an unknown god.
   493 | D:1      | Reached XP level 3. HP: 34/34 MP: 3/3
  1127 | D:2      | Reached skill level 3 in Polearms
  1206 | D:2      | Reached XP level 4. HP: 42/42 MP: 4/4
  1223 | D:2      | Found an opulent altar of Gozag.
  1482 | D:3      | Identified the +1 leather armour "Visew" {Contam Str+2
                  | Dex+4}
  1700 | D:3      | Found Fanodute's Distillery.
  1710 | D:3      | Bought a potion of berserk rage for 55 gold pieces
  1710 | D:3      | Bought a potion of curing for 33 gold pieces
  1911 | D:4      | Noticed a centaur
  1919 | D:4      | Killed a centaur
  1920 | D:4      | Reached skill level 4 in Polearms
  1920 | D:4      | Reached XP level 5. HP: 41/50 MP: 5/5
  1996 | D:4      | Reached XP level 6. HP: 44/57 MP: 6/6
  2227 | D:4      | Found Vol Ype's Assorted Antiques.
  2289 | D:4      | Found a runed translucent door.
  2294 | D:4      | Noticed Iich's ghost (amateur MiFi)
  2357 | D:4      | Reached skill level 5 in Polearms
  2687 | D:4      | Found a runed translucent door.
  3014 | D:5      | Entered Level 5 of the Dungeon
  3041 | D:5      | Reached XP level 7. HP: 52/64 MP: 7/7
  3098 | D:5      | Noticed Duvessa
  3117 | D:5      | Killed Duvessa
  3118 | D:5      | Noticed Dowan
  3122 | D:5      | HP: 1/57 [Dowan/shard of ice (13)]
  3123 | D:5      | Slain by Dowan

Illustrated notes

Levels and vault maps discovered:
D:1:      elethiomel_arrival_diamonds, layout_rooms,
          hellmonk_ecumenical_altar_blasted
D:2:      layout_basic, basic_altar
D:3:      layout_rooms, serial_shops, shop, st_stairs_11
D:4:      layout_loops_ring, ebering_ghost_sewer_f, serial_shops,
          kennysheep_mini
D:5:      layout_loops_ring, amethyst_overflow_temple_binary, uniq_duvessa

Skill      XL: |  1  2  3  4  5  6 |
---------------+-------------------+-----
Shields        | 3 |  3.1
Polearms       | 3 4 5 |  5.6
Armour         | 3 |  3.9
Fighting       | 4 |  4.1
Dodging        | |  0.5
Stealth        | |  0.5

Action                   |  1- 3 |  4- 6 |  7- 9 || total
-------------------------+-------+-------+-------++-------
Melee: Trident           |    99 |   123 |    16 ||   238
 Abil: Spit Poison       |    26 |    30 |     4 ||    60
Armor: Scale mail        |    27 |    26 |     2 ||    55
Dodge: Dodged            |    25 |    29 |     2 ||    56
Block: Buckler           |    18 |    12 |     4 ||    34

Table legend: (Time is in decaauts)
 A = Elapsed time spent in this place.
 B = Non-inter-level travel time spent in this place.
 C = Inter-level travel time spent in this place.
 D = Time resting spent in this place.
 E = Time spent auto-exploring this place.
 F = Levels seen in this place.
 G = Mean time per level.
                   A        B        C        D        E       F      G
               +--------+--------+--------+--------+--------+-----+--------+
         Total |   3961 |   3811 |    150 |    123 |   3049 |   5 |  792.2 |
       Dungeon |   3961 |   3811 |    150 |    123 |   3049 |   5 |  792.2 |
               +--------+--------+--------+--------+--------+-----+--------+

Top non-repeatable levels by time:
     D:4: 1394 daAuts
     D:1: 951 daAuts
     D:3: 819 daAuts
     D:2: 671 daAuts
     D:5: 124 daAuts
